 Dungeon Crawl Stone Soup version 0.26-a0-597-gb535b0901c (webtiles) character file.

Game seed: 6565053168107756071

3199 Nvm9 the Covered (level 9, 0/69 HPs)
             Began as a Demonspawn Fighter on Aug 25, 2020.
             Was a Follower of Qazlal.
             Succumbed to a queen ant's poison
             ... on level 8 of the Dungeon.
             The game lasted 00:11:39 (6813 turns).

Nvm9 the Covered (Demonspawn Fighter)               Turns: 6813, Time: 00:11:39

Health: 0/69       AC: 19    Str: 19    XL:     9   Next: 64%
Magic:  7/9        EV:  4    Int: 10    God:    Qazlal [*.....]
Gold:   554        SH: 12    Dex: 19    Spells: 8/8 levels left

rFire    . . .     SeeInvis +   j - +0 hand axe (flame)
rCold    . . .     Faith    .   c - +0 kite shield
rNeg     . . .     Spirit   +   d - +0 plate armour
rPois    .         Reflect  .   f - +0 helmet
rElec    .         Harm     .   r - +0 cloak
rCorr    .                      (no gloves)
MR       .....                  (boots unavailable)
Stlth    ..........             (no amulet)
HPRegen  0.21/turn              k - ring of see invisible
MPRegen  0.11/turn              s - +6 ring of dexterity

@: lethally poisoned (0 -> -3)
A: hooves 3, thin metallic scales 2, powered by death 1, magic shield
a: Renounce Religion


You were on level 8 of the Dungeon.
You worshipped Qazlal.
Qazlal was aware of your devotion.
You visited 2 branches of the dungeon, and saw 10 of its levels.

You collected 554 gold pieces.

Inventory:

Hand Weapons
 a - a +0 war axe
 j - a +0 hand axe of flaming (weapon)
Armour
 b - a +0 scale mail
 c - a +0 kite shield (worn)
 d - a +0 plate armour (worn)
 f - a +0 helmet (worn)
 i - a +0 chain mail
 r - a +0 cloak (worn)
 z - a +0 helmet
Jewellery
 k - a ring of see invisible (left hand)
 s - a +6 ring of dexterity (right hand)
Wands
 g - a wand of random effects (34)
 p - a wand of iceblast (12)
Scrolls
 l - a scroll of magic mapping
 m - 9 scrolls of identify
 n - 4 scrolls of amnesia
 o - 2 scrolls of teleportation
 q - 3 scrolls of remove curse
 t - a scroll of noise {unknown}
 v - a scroll of torment {unknown}
 w - a scroll of immolation {unknown}
 y - a scroll of silence {unknown}
 A - a scroll of enchant armour {unknown}
Potions
 h - a potion of flight
 x - a potion of cancellation
 B - a potion of lignification


   Skills:
 + Level 6.3 Fighting
 * Level 7.5 Axes
 * Level 7.6 Armour
 + Level 5.7 Shields


You had 8 spell levels left.
You didn't know any spells.
Your spell library was empty.

Dungeon Overview and Level Annotations

Branches:
Dungeon (9/15)             Temple (1/1) D:6
   Lair: D:8-11         Orc: D:9-12

Altars:
Ashenzari
Cheibriados
Dithmenos
Elyvilon
Fedhas
Gozag
Hepliaklqana
Kikubaaqudgha
Makhleb
Nemelex Xobeh
Okawaru
Qazlal
Sif Muna
Trog
Uskayaw
Vehumet
Wu Jian
Xom
Yredelemnul
Zin
The Shining One

Shops:
D:5 *   D:6 =

Annotations:
D:3 3 runed translucent doors, ikjuyhgtrf's ghost, weakling MiFi
D:4 Grinder
D:5 Pikel
D:8 Harold


Innate Abilities, Weirdness & Mutations

You have hooves in place of feet.
You are mostly covered in thin metallic scales. (AC +3)
You regenerate a little health from kills.
When hurt, damage is shared between your health and your magic reserves.


Message History

There is a stone staircase leading up here.
* * * LOW HITPOINT WARNING * * *
You feel sick. You block the queen ant's attack.
You climb upwards.
Level annotation: Harold
* * * LOW HITPOINT WARNING * * *
You feel sick.
The ufetubus hits you but does no damage.
You block the ufetubus's attack.
The ufetubus hits you but does no damage.
You block the ufetubus's attack.
There is a stone staircase leading down here.
Unknown command.
Unknown command.
You block the ufetubus's attack.
The ufetubus hits you but does no damage.
* * * LOW HITPOINT WARNING * * *
You feel sick. You block the ufetubus's attack. The ufetubus hits you.
You die...

#...##....#####
## ##
#.###).........#
... #......###.#
#.. #....[.# ..#
#†.....###
#.###.........
#...##...###.#
#....5.#####.#
#.....a@.....#
#.....######.#
#..>..# #.....#
#######


You could see a queen ant and an ufetubus.

Vanquished Creatures
  A two-headed ogre (D:8)
  A hippogriff (D:7)
  3 yaks (D:9)
  2 orc warriors (D:7)
  2 black bears (D:7)
  2 ice beasts
  2 sky beasts (D:7)
  A phantom (D:3)
  An ogre (D:9)
  2 centaurs
  A lemure (D:3)
  3 scorpions
  A water moccasin skeleton (D:5)
  4 wights (D:7)
  A centaur skeleton (D:8)
  2 bullfrog skeletons (D:6)
  2 hounds
  An iguana (D:7)
  3 orc wizards (D:7)
  6 worker ants
  A killer bee zombie (D:7)
  3 adders
  A white imp (D:7)
  2 worms
  2 dart slugs (D:1)
  3 leopard geckos
  14 orcs
  A ball python (D:1)
  6 giant cockroaches
  4 goblins
  7 hobgoblins
  4 jackals (D:1)
  5 quokkas
  5 bats
  7 frilled lizards
  3 kobolds
  A leopard gecko skeleton (D:5)
  A quokka skeleton (D:3)
  15 rats
126 creatures vanquished.

Notes
Turn   | Place    | Note
-------+----------+-------------------------------------------
     0 | D:1      | Nvm9 the Demonspawn Fighter began the quest for the Orb.
     0 | D:1      | Reached XP level 1. HP: 18/18 MP: 1/1
   271 | D:1      | Gained mutation: You have large cloven feet. [demonic
                  | ancestry]
   271 | D:1      | Reached XP level 2. HP: 24/24 MP: 2/2
   744 | D:2      | Found a faded altar of an unknown god.
   762 | D:2      | Gained mutation: You have hoof-like feet. [demonic
                  | ancestry]
   762 | D:2      | Reached XP level 3. HP: 29/29 MP: 3/3
  1306 | D:3      | Found a runed translucent gate.
  1306 | D:3      | Found a runed translucent gate.
  1306 | D:3      | Noticed ikjuyhgtrf's ghost (weakling MiFi)
  1307 | D:3      | Found a runed translucent gate.
  1709 | D:3      | Gained mutation: You are partially covered in thin metallic
                  | scales. (AC +2) [demonic ancestry]
  1709 | D:3      | Reached XP level 4. HP: 34/35 MP: 4/4
  2278 | D:4      | Noticed a phantom
  2281 | D:4      | Noticed Grinder
  2288 | D:4      | Paralysed by Grinder for 2 turns
  2305 | D:3      | Reached XP level 5. HP: 23/41 MP: 5/5
  2597 | D:4      | Noticed a centaur
  2609 | D:4      | Killed a centaur
  2802 | D:5      | Entered Level 5 of the Dungeon
  2876 | D:5      | Gained mutation: You have hooves in place of feet. [demonic
                  | ancestry]
  2876 | D:5      | Reached XP level 6. HP: 40/48 MP: 6/6
  2996 | D:5      | Noticed an ice beast
  3003 | D:5      | Killed an ice beast
  3114 | D:5      | Found Doaloq's Elemental Accessories.
  3179 | D:5      | Noticed Pikel
  3198 | D:4      | Noticed a hippogriff
  3398 | D:3      | Gained mutation: You regenerate a little health from kills.
                  | [demonic ancestry]
  3398 | D:3      | Reached XP level 7. HP: 51/54 MP: 7/7
  3665 | D:6      | Found Kunneq's Jewellery Boutique.
  3834 | D:6      | Reached skill level 5 in Armour
  4162 | D:6      | Found a stormy altar of Qazlal.
  4170 | D:6      | Became a worshipper of Qazlal Stormbringer
  4206 | D:6      | Found a staircase to the Ecumenical Temple.
  4331 | Temple   | Entered the Ecumenical Temple
  4815 | D:7      | Reached skill level 5 in Axes
  5221 | D:7      | Noticed a hippogriff
  5228 | D:7      | Killed a hippogriff
  5228 | D:7      | Gained mutation: You are mostly covered in thin metallic
                  | scales. (AC +3) [demonic ancestry]
  5228 | D:7      | Reached XP level 8. HP: 44/61 MP: 8/8
  5326 | D:7      | Reached skill level 5 in Fighting
  5485 | D:7      | Reached skill level 5 in Shields
  5565 | D:7      | Reached * piety under Qazlal
  5673 | D:7      | Gained mutation: When hurt, damage is shared between your
                  | health and your magic reserves. [demonic ancestry]
  5673 | D:7      | Reached XP level 9. HP: 68/68 MP: 9/9
  6083 | D:8      | Noticed Harold
  6464 | D:8      | Noticed a two-headed ogre
  6482 | D:8      | Killed a two-headed ogre
  6775 | D:9      | Noticed a queen ant
  6806 | D:9      | HP: 3/69 [poisoned by a queen ant]
  6809 | D:8      | HP: 1/69 [poisoned by a queen ant]
  6813 | D:8      | Succumbed to a queen ant's poison

Illustrated notes

Levels and vault maps discovered:
D:1:      shiori_arrival_elements, layout_rooms, chequers_serial_rivers_small_a,
          lemuel_flame_loot_1
D:2:      layout_basic, chequers_ecumenical_altar_island
D:3:      layout_loops_corners, gammafunk_ghost_split, hangedman_decor_push,
          st_stairs_3, minmay_vboxes
D:4:      layout_cave_pools, lemuel_round_altar, ebering_ghost_sewer_f,
          minmay_manual_maat, uniq_crazy_yiuf_cottage, uniq_grinder
D:5:      layout_basic, nicolae_elemental_shop, uniq_pikel
D:6:      layout_gridville, minmay_temple_entry_overgrown, serial_shops, shop,
          minmay_misc_feat_four_crosses, grunt_decor_arrowhead,
          grunt_qazlal_sundering
D:7:      layout_loops_ring, kennysheep_generic_room_8
D:8:      layout_loops_cross, serial_shops, shop, uniq_psyche, uniq_harold
D:9:      layout_roguey, minmay_another_anthill
Temple:   roderic_octagonal_lattice_temple

Skill      XL: |  1  2  3  4  5  6  7  8  9 |
---------------+----------------------------+-----
Axes           | 2 3 4 5 6 7 |  7.5
Shields        | 3 4 5 |  5.7
Armour         | 3 4 5 6 7 |  7.6
Fighting       | 4 5 6 |  6.3

Action                   |  1- 3 |  4- 6 |  7- 9 || total
-------------------------+-------+-------+-------++-------
Melee: War axe           |    12 |       |       ||    12
       Hand axe          |    98 |   124 |   235 ||   457
       Kick              |    23 |    40 |   113 ||   176
Throw: Throwing net      |       |       |     1 ||     1
  Use: Scroll            |     6 |     1 |       ||     7
       Potion            |       |     3 |    11 ||    14
 Stab: Held in net/web   |       |       |     1 ||     1
Armor: Scale mail        |     5 |       |       ||     5
       Chain mail        |    74 |   115 |    66 ||   255
       Plate armour      |       |       |    56 ||    56
Dodge: Dodged            |    24 |    22 |    31 ||    77
Block: Kite shield       |    61 |    75 |   132 ||   268

Table legend: (Time is in decaauts)
 A = Elapsed time spent in this place.
 B = Non-inter-level travel time spent in this place.
 C = Inter-level travel time spent in this place.
 D = Time resting spent in this place.
 E = Time spent auto-exploring this place.
 F = Levels seen in this place.
 G = Mean time per level.
                   A        B        C        D        E       F      G
               +--------+--------+--------+--------+--------+-----+--------+
         Total |   6890 |   6640 |    250 |   1490 |   3791 |  10 |  689.0 |
       Dungeon |   6661 |   6431 |    230 |   1490 |   3582 |   9 |  740.1 |
        Temple |    229 |    209 |     20 |      0 |    209 |   1 |  229.0 |
               +--------+--------+--------+--------+--------+-----+--------+

Top non-repeatable levels by time:
     D:3: 1423 daAuts
     D:6: 1236 daAuts
     D:7: 1208 daAuts
     D:1: 691 daAuts
     D:2: 641 daAuts
     D:5: 617 daAuts
     D:8: 340 daAuts
     D:4: 319 daAuts
  Temple: 229 daAuts
     D:9: 182 daAuts
